 Dungeon Sprint DCSS version 0.19.4-8-ga85b6b9 (webtiles) character file.

500000 protoss039 the Phalangite (level 13, -6/118 HPs)
             Began as a Ghoul Wanderer on Feb 13, 2017.
             Mangled by a meat berserker
             ... wielding a +9 battleaxe
              (53 damage)
             ... in the Dungeon (Sprint VIII: "Arena of Blood").
             The game lasted 00:00:24 (5 turns).

protoss039 the Phalangite (Ghoul Wanderer)             Turns: 5, Time: 00:00:25

Health: -6/118     AC:  2    Str: 20    XL:     13   Next: 28%
Magic:  1/27       EV: 11    Int:  8    God:
Gold:   0          SH:  0    Dex:  8    Spells: 0 memorised, 35 levels left

rFire  . . .     SeeInvis .     k - +∞ Axe of Woe
rCold  + . .     Gourm    .     c - +0 robe
rNeg   + + +     Faith    .     (shield currently unavailable)
rPois  ∞         Spirit   .     (no helmet)
rElec  .         Reflect  .     (no cloak)
rCorr  .         Harm     .     (no gloves)
MR     .....     NoTele   +     (no boots)
Stlth  ++++......               (no amulet)
                                (no ring)
                                (no ring)

@: rotting
A: rotting body, claws 1, carnivore 3, cold resistance 1, negative energy
resistance 3, slow regeneration 1, torment resistance, unbreathing
a: no special abilities


You were in the Dungeon.
You were not hungry.

You visited 1 branch

Inventory:

Hand Weapons
 a - a +2 spear
 k - the +∞ Axe of Woe (weapon)
   (You found it in the Dungeon)
Armour
 c - a +0 robe (worn)
Scrolls
 j - a scroll of blinking
Potions
 e - a potion of curing
 f - a potion of heal wounds
 g - a potion of haste
 h - 2 potions of magic
 i - a potion of berserk rage
Books
 b - Ammurud's Handbook of Poisoning

   Spells                             Type                      Level
   a - Sting                          Conjuration/Poison           1
   b - Mephitic Cloud                 Conjuration/Poison/Air       3
Comestibles
 d - a meat ration


   Skills:
 + Level 12.2 Fighting
 + Level 5.5(16.7) Axes
 + Level 23.3(23.5) Polearms
 + Level 9.6 Stealth
   Level 1.0 Shields
 + Level 11.6 Spellcasting
   Level 1.5 Hexes
   Level 2.1 Ice Magic


You had 35 spell levels left.
You didn't know any spells.

Dungeon Overview and Level Annotations

Branches:
Dungeon (1/1)

Altars:
Makhleb


Innate Abilities, Weirdness & Mutations

Your body is rotting away.
You thrive on raw meat.
You are immune to poison.
You have sharp fingernails.
You are carnivorous and can eat meat at any time.
Your flesh is cold resistant. (rC+)
You are immune to negative energy. (rN+++)
You regenerate slowly when monsters are visible.
You are immune to unholy pain and torment.
You can survive without breathing.


Message History

You have reached level 9!
Your experience leads to an increase in your attributes!
Increase (S)trength, (I)ntelligence, or (D)exterity?
You feel stronger.
You have reached level 10!
You feel stronger.
You have reached level 11!
You have reached level 12!
Your experience leads to an increase in your attributes!
Increase (S)trength, (I)ntelligence, or (D)exterity?
You feel stronger.
You have reached level 13!
You hear a shout! x3
The meat berserker hits you with a +9 battleaxe!!!
Ouch! That really hurt!
You hear a shout! x3
The bag of meat hits you with a +9 war axe!
You hear a shout! x4
The meat berserker hits you with a +9 battleaxe!!!
You die...

#.. ..# #.. ..#
.###.. ..###.
......###......
....._..... .
#.....# ...
#_.<._# .
.....#.o...#....
...o...@_.......
......O###......
..###.. ..###.
#.. ..# #.. .#
... .. .... ..
....


You could see a meat berserker (berserk) and 2 bags of meat.

Vanquished Creatures
  An ogre (D)
1 creature vanquished.

Notes
Turn   | Place    | Note
-------+----------+-------------------------------------------
     0 | D        | protoss039 the Ghoul Wanderer began the quest for the Orb.
     0 | D        | protoss039 set off with: a +2 spear, Ammurud's Handbook of Poisoning, a +0 robe, a meat ration, a potion of curing, a potion of heal wounds, a potion of haste, 2 potions of magic, a potion of berserk rage, a scroll of blinking
     0 | D        | Reached XP level 1. HP: 16/16 MP: 1/1
     2 | D        | Noticed a bag of meat
     2 | D        | Noticed a meat berserker
     4 | D        | Noticed a bag of meat
     5 | D        | Killed a meat berserker
     5 | D        | Reached skill level 5 in Axes
     5 | D        | Reached skill level 23 in Polearms
     5 | D        | Reached XP level 2. HP: 41/41 MP: 1/13
     5 | D        | Reached XP level 3. HP: 48/48 MP: 1/15
     5 | D        | Reached XP level 4. HP: 56/56 MP: 1/16
     5 | D        | Reached XP level 5. HP: 62/62 MP: 1/18
     5 | D        | Reached XP level 6. HP: 70/70 MP: 1/19
     5 | D        | Reached XP level 7. HP: 77/77 MP: 1/21
     5 | D        | Reached XP level 8. HP: 83/83 MP: 1/22
     5 | D        | Reached XP level 9. HP: 90/90 MP: 1/23
     5 | D        | Reached XP level 10. HP: 97/97 MP: 1/24
     5 | D        | Reached XP level 11. HP: 104/104 MP: 1/25
     5 | D        | Reached XP level 12. HP: 112/112 MP: 1/26
     5 | D        | Reached XP level 13. HP: 118/118 MP: 1/27
     5 | D        | Mangled by a meat berserker

Skill      XL: |  1 |
---------------+----+-----
Fighting       | 12 | 12.2
Axes           | 5 |  5.5
Polearms       | 23 | 23.3
Stealth        | 9 |  9.6
Spellcasting   | 11 | 11.6
Shields        | |  1.0
Hexes          | |  1.5
Ice Magic      | |  2.1

Action                   |  1- 3 |  4- 6 |  7- 9 | 10-12 | 13-15 || total
-------------------------+-------+-------+-------+-------+-------++-------
Melee: Executioner's axe |     1 |       |       |       |       ||     1
